Map: Altitude LE

Players

TrialanError - Winner!

  • Race: Terran Terran
  • Spawn Location: 7:00

VOD

Have the link to the VOD?

Description

Time

  • Played on: April 15, 2023, 3:51 p.m.
  • Length: 19:57
Show
View Real Time Build Order
Export as new Build Order

TrialanError Terran - Winner!

Build Orders:  

Get SALT Encoding   

  12  0:01  SCV  
  13  0:18  SCV  
  14  0:24  Supply Depot  
  14  0:35  SCV  
  15  0:54  SCV  
  16  1:11  SCV  
  17  1:21  Refinery  
  17  1:34  Command Center  
  17  1:37  SCV  
  18  1:59  Engineering Bay, SCV  
  19  2:16  SCV  
  20  2:21  Barracks  
  20  2:34  SCV  
  21  2:51  SCV  
  22  3:02  Supply Depot  
  22  3:08  SCV  
  24  3:32  Orbital Command  
  24  3:33  Reaper  
  24  3:37  Refinery  
  24  3:48  Planetary Fortress  
  24  4:08  SCV  
  25  4:25  SCV  
  22  4:41  SCV  
  22  4:42  SCV  
  23  4:56  Hi-Sec Auto Tracking  
  23  4:57  Reaper  
  23  4:59  SCV  
  25  5:03  SCV  
  26  5:25  SCV  
  27  5:49  Command Center  
  27  6:23  SCV  
  27  6:24  Barracks  
  27  6:26  Barracks  
  28  6:31  Barracks Tech Lab  
  28  6:40  SCV  
  29  6:57  SCV  
  30  7:16  Structure Armor  
  31  7:23  Reaper  
  31  7:32  Orbital Command  
  31  7:34  Barracks, SCV  
  31  7:36  Barracks  
  32  7:43  Barracks Reactor x2  
  32  7:46  Stimpack  
  32  7:51  SCV  
  33  8:08  SCV x2  
  36  8:11  Reaper  
  36  8:25  SCV x2  
  38  8:42  SCV x2  
  38  8:44  Barracks Reactor x2  
  38  8:45  Command Center  
  40  8:59  SCV x2  
  46  9:03  Reaper  
  46  9:04  Reaper x3  
  46  9:05  Reaper  
  46  9:07  Terran Infantry Weapons Level 1  
  47  9:14  Engineering Bay  
  47  9:16  SCV x2  
  49  9:26  Refinery  
  49  9:28  Refinery  
  49  9:31  Factory  
  49  9:33  SCV x2  
  51  9:49  Reaper  
  52  9:50  SCV x2  
  54  10:07  SCV  
  54  10:08  Barracks, SCV  
  54  10:09  Barracks  
  56  10:11  Barracks  
  56  10:24  SCV  
  56  10:25  Supply Depot, SCV  
  56  10:26  Orbital Command  
  61  10:40  SCV  
  61  10:41  Reaper x2  
  61  10:42  SCV, Reaper  
  61  10:45  Terran Infantry Armor Level 1  
  61  10:48  Factory Reactor  
  63  10:54  Starport  
  63  10:57  SCV  
  63  10:59  SCV  
  65  11:04  SCV  
  66  11:11  Supply Depot  
  66  11:14  SCV  
  66  11:16  SCV, Barracks Tech Lab x2  
  66  11:17  Ghost Academy, Barracks Tech Lab  
  68  11:21  SCV  
  68  11:25  Armory  
  69  11:31  SCV  
  69  11:33  Refinery x2, SCV  
  69  11:38  SCV  
  72  11:48  SCV  
  73  11:50  SCV  
  73  11:57  SCV, Reaper x4  
  73  11:58  Reaper x2  
  81  12:05  SCV  
  81  12:07  SCV  
  83  12:14  SCV  
  84  12:22  SCV  
  84  12:24  SCV  
  84  12:26  Command Center  
  84  12:29  Unknown, Command Center  
  86  12:30  Concussive Shells  
  86  12:31  SCV  
  86  12:33  Terran Infantry Weapons Level 2  
  86  12:39  SCV  
  88  12:41  SCV  
  88  12:48  SCV  
  90  12:56  SCV  
  90  12:58  SCV  
  92  13:09  Supply Depot x2  
  92  13:10  Supply Depot  
  92  13:11  Supply Depot  
  92  13:12  Supply Depot  
  92  13:13  Supply Depot  
  92  13:15  Supply Depot  
  92  13:25  Refinery, Terran Infantry Armor Level 2  
  92  13:39  SCV x3  
  107  13:44  Reaper x12  
  107  13:52  Refinery  
  107  13:56  SCV x3  
  107  13:58  Refinery  
  107  13:59  Refinery, Medivac x2  
  114  14:09  Orbital Command  
  114  14:12  SCV  
  114  14:13  SCV x2  
  117  14:25  Orbital Command  
  117  14:32  SCV x3  
  130  14:41  Medivac  
  130  14:42  Reaper  
  130  14:43  Reaper x9  
  130  14:47  Command Center  
  130  14:48  Supply Depot  
  130  14:49  SCV x2  
  134  14:58  Command Center  
  134  15:05  Reaper  
  134  15:06  Reaper  
  136  15:11  Starport  
  136  15:26  Medivac x2  
  136  15:27  Reaper  
  136  15:28  Reaper x4  
  150  15:33  Reaper x3  
  150  15:34  Reaper x2  
  150  15:43  Terran Infantry Weapons Level 3  
  152  15:50  Reaper  
  152  15:51  Reaper  
  154  16:14  Reaper x2  
  154  16:15  Reaper x3, Starport Reactor  
  154  16:18  Reaper x3  
  154  16:19  Command Center, Reaper x2  
  162  16:20  Medivac  
  162  16:21  Medivac  
  162  16:22  Command Center  
  166  16:32  Command Center  
  166  17:06  Reaper  
  166  17:07  Reaper x5  
  166  17:08  Reaper x5  
  177  17:17  Medivac x2  
  177  17:18  Medivac  
  183  17:39  Command Center  
  183  17:43  Command Center  
  183  17:44  Command Center  
  184  17:51  Command Center  
  184  17:54  Reaper  
  184  17:55  Reaper x5  
  184  17:56  Reaper  
  184  17:59  Planetary Fortress  
  190  18:06  Planetary Fortress  
  190  18:12  Refinery  
  190  18:13  Planetary Fortress  
  190  18:17  Planetary Fortress  
  195  18:33  Reaper x5  
  195  18:35  Medivac  
  195  18:39  Reaper  
  200  18:40  Reaper  
  200  18:43  Reaper  
  200  18:49  Planetary Fortress  
Tags
 
Add a new tag
Caveats
  • Supply blocks, unpowered buildings, or Contaminate may cause inaccurate times.
  • Supply counts are checked every 10 seconds.